cohdb
Replays
Latest Replays
All Replays
Popular Replays
Top Player Replays
Match Explorer
How It Works
Community
CoH3 Stats
Reddit
Sign in to upload your games and track your stats! →
Sign in with Steam
Match 46125487
Unlisted
Match 46125487
Overview
Messages
Build Orders
End
Pioneer Squad
Construct Infanterie Kompanie
MG 42 Machine Gun Team
MG 42 Machine Gun Team
Grenadier Squad
Construct Panzergrenadier Kompanie
Panzergrenadier Squad
251 Medium Carrier
251 Medium Carrier
Pak 40 Anti-tank Gun Team
Panzergrenadier Officer Quarters
Support Elements
Panzergrenadier Squad
MG 42 Bunker
Construct Panzer Kompanie
Selects Mechanized Battlegroup
Selects Raid Package
Selects StuG Assault Group
Selects UNKNOWN (2160084)
Panther Heavy Tank
MG 42 Bunker
Panzer Officer Quarters
Selects Mobile Repair Stations
Selects Wespe Self-propelled Artillery
MG 42 Bunker
Side Skirts
KMS Prinz Eugen
LeVisir
不会玩游戏只会起盖子
Kanna Scarlet
LX357
Mochi_flamer
돈이사라지는마술
一杆大长枪的爹
0
0
Comments
sign in to comment!
No comments posted yet!